 Dungeon Crawl Stone Soup version 0.31-a0-202-g547052bce9 (webtiles) character file.

Game seed: 14877497097415699629

37536 TrayleKats the Marksminotaur (level 13, -5/137 HPs)
             Began as a Minotaur Hunter on June 23, 2023.
             Was the Champion of Cheibriados.
             Slain by snackwell's ghost (46 damage)
             ... on level 4 of the Lair of Beasts on June 26, 2023.
             The game lasted 00:17:54 (16446 turns).

TrayleKats the Marksminotaur (Minotaur Hunter)     Turns: 16446, Time: 00:17:54

Health: -5/137     AC: 21    Str: 32    XL:     13   Next: 58%
Magic:  15/17      EV: 14    Int: 29    God:    Cheibriados [******]
Gold:   887        SH:  5    Dex: 31    Spells: 9/12 levels left

rFire   + . .        A - +3 orcbow (drain)
rCold   . . .        (shield currently unavailable)
rNeg    . . .        v - +0 plate armour
rPois   .            l - +1 hat {Stlth+}
rElec   .            C - +2 cloak {Stlth+}
rCorr   .            r - +1 pair of gloves
SInv    .            (no boots)
Will    .....        B - amulet of reflection Stlth
                     I - +6 ring of intelligence
HPRegen 0.42/turn    (no ring)
MPRegen 0.15/turn

%: reflection
@: lethally poisoned (-5 -> -19), very slow
A: horns 2, retaliatory headbutt, fire resistance 1, robust 1, inability to read
after injury 1
a: Renounce Religion, Bend Time, Temporal Distortion, Slouch, Step From Time


You were on level 4 of the Lair of Beasts.
You worshipped Cheibriados.
Cheibriados was exalted by your worship.
You visited 3 branches of the dungeon, and saw 13 of its levels.

You collected 1134 gold pieces.
You spent 247 gold pieces at shops.

Inventory:

Hand Weapons
 A - a +3 orcbow of draining (weapon)
Missiles
 h - 5 javelins
 w - a throwing net
Armour
 l - a +1 hat of stealth (worn)
 r - a +1 pair of gloves (worn)
 v - a +0 plate armour (worn)
 C - a +2 cloak of stealth (worn)
Jewellery
 B - an amulet of reflection (around neck)
 I - a +6 ring of intelligence (left hand)
 L - a ring of ice
Wands
 f - a wand of paralysis (6)
 k - a wand of polymorph (13)
 x - a wand of flame (53)
 F - a wand of light (6)
 J - a wand of iceblast (6)
Scrolls
 b - a scroll of butterflies
 m - a scroll of brand weapon
 p - 3 scrolls of teleportation
 q - 2 scrolls of identify
 y - 2 scrolls of poison
 H - 2 scrolls of fog
 K - a scroll of enchant armour
 M - a scroll of fear
Potions
 c - 2 potions of haste {unknown}
 d - a potion of mutation
 e - 3 potions of berserk rage
 g - a potion of magic
 i - 3 potions of lignification
 j - 2 potions of curing
 n - a potion of invisibility {unknown}
 o - 3 potions of brilliance {unknown}
 s - 3 potions of heal wounds
 u - 3 potions of cancellation {unknown}
 z - 3 potions of might {unknown}
 D - 2 potions of attraction {unknown}
 E - a potion of enlightenment {unknown}


   Skills:
 + Level 14.7 Fighting
 + Level 17.8 Ranged Weapons
 * Level 9.5 Armour
 + Level 6.6 Dodging
 - Level 0.7 Stealth
 * Level 7.9 Invocations


You had 9 spell levels left.
You knew the following spells:

 Your Spells              Type           Power      Damage    Failure   Level
a - Apportation           Tloc           0%         N/A       56%         1
b - Blink                 Tloc           0%         N/A       71%         2

Your spell library contained the following spells:

 Spells                   Type           Power      Damage    Failure   Level
 Kiss of Death            Conj/Necr      0%         2d5       56%         1
 Necrotise                Necr           0%         1d4       56%         1
 Summon Small Mammal      Summ           0%         N/A       56%         1
 Scorch                   Fire           0%         2d5       71%         2
 Searing Ray              Conj           0%         2d4       71%         2
 Confusing Touch          Hex            0%         N/A       90%         3
 Inner Flame              Hex/Fire       0%         N/A       90%         3
 Dispel Undead            Necr           0%         3d6       100%        4
 Flame Wave               Conj/Fire      0%         2d4       100%        4
 Sticky Flame             Conj/Fire      0%         2d3       100%        4
 Fireball                 Conj/Fire      0%         3d3       100%        5
 Iskenderun's Battlesphe  Conj           0%         2d6       100%        5
 Conjure Ball Lightning   Conj/Air       0%         3x3d6     100%        6
 Orb of Destruction       Conj           0%         9d5       100%        7


Dungeon Overview and Level Annotations

Branches:
Dungeon (8/15)             Temple (1/1) D:4            Lair (4/5) D:8
  Swamp (0/4) Lair:3        Snake (0/4) Lair:2
  Slime: Lair:4-5

Altars:
Cheibriados
Dithmenos
Gozag
Hepliaklqana
Makhleb
Nemelex Xobeh
Okawaru
Qazlal
Ru
Sif Muna
Trog
Vehumet
Wu Jian
Xom
Yredelemnul
Zin
The Shining One

Shops:
D:7 [

Annotations:
D:7 3 runed translucent doors, Crazy Yiuf; Hubris850's ghost, novice DrIE
Lair:4 snackwell's ghost, journeyman MeEE


Innate Abilities, Weirdness & Mutations

You have a pair of horns on your head.
You reflexively headbutt those who attack you in melee.
Your flesh is heat resistant. (rF+)
You are robust. (+10% HP)
You occasionally lose the ability to read scrolls when taking damage.


Message History

You feel sick. You block snackwell's ghost's attack.
Fire: A) +3 orcbow (drain)
Press: ? - help, Q - select action, (/) - cycle Shift-Dir - straight line, f/p - snackwell's ghost
Aim: snackwell's ghost, wielding a weapon of venom (heavily damaged, slow, 65% to hit)
You shoot an arrow. The arrow hits snackwell's ghost!
Snackwell's ghost is severely damaged.
You feel sick. You block snackwell's ghost's attack.
Fire: A) +3 orcbow (drain)
Press: ? - help, Q - select action, (/) - cycle Shift-Dir - straight line, f/p - snackwell's ghost
Aim: snackwell's ghost, wielding a weapon of venom (severely damaged, slow, 65% to hit)
You shoot an arrow.
The arrow hits snackwell's ghost but does no damage.
Snackwell's ghost is severely damaged.
You feel sick.
Fire: A) +3 orcbow (drain)
Press: ? - help, Q - select action, (/) - cycle Shift-Dir - straight line, f/p - snackwell's ghost
Aim: snackwell's ghost, wielding a weapon of venom (severely damaged, slow, 65% to hit)
You shoot an arrow.
The arrow closely misses snackwell's ghost.
You feel sick.
Snackwell's ghost hits you but does no damage.
You are more poisoned.
Fire: A) +3 orcbow (drain)
Press: ? - help, Q - select action, (/) - cycle Shift-Dir - straight line, f/p - snackwell's ghost
Aim: snackwell's ghost, wielding a weapon of venom (severely damaged, slow, 65% to hit)
You shoot an arrow.
The arrow hits snackwell's ghost but does no damage.
Snackwell's ghost is severely damaged.
You feel sick. Snackwell's ghost hits you.
You are more poisoned.
Fire: A) +3 orcbow (drain)
Press: ? - help, Q - select action, (/) - cycle Shift-Dir - straight line, f/p - snackwell's ghost
Aim: snackwell's ghost, wielding a weapon of venom (severely damaged, slow, 65% to hit)
You shoot an arrow. The arrow misses snackwell's ghost.
You feel very sick.
Snackwell's ghost is no longer moving slowly.
Snackwell's ghost gestures wildly while chanting.
Snackwell's ghost erupts in a fountain of uncontrolled magic!
You are blasted with magical radiation!!!
You die...

P.....# ##....# #....##
#....# ^....## #...##
#....####....## ....##
##P..# #P.........)..#
...## ##P...#
##............# ##P#
#.....#######..#.##...##
###
###.....##.8.#..####.†>.#
##.....####!$.#..# #....#
######.......P###W##.##
#...##
..P..#.........#@....#
#...##
..........#P...#.[...#
#...P#
....<...#.##........##
##...##
.......######.......#
#..†..# #.##.###
##.....### ###....#
###### ##......# #......#
#.#....## ####.†..###
#### #####....P.#
#.#....##
##..###.......####
#......#


You could see snackwell's ghost.

Vanquished Creatures
  Gastronok (Lair:2)
  Fannar (Lair:2)
  3 hydras
  Erica (Lair:2)
  3 skysharks
  Sonja (Lair:2)
  Pikel (D:4)
  2 wolf spiders (Lair:3)
  A cyclops (D:8)
  13 elephants
  5 black mambas
  A torpor snail (Lair:4)
  7 cane toads
  2 rime drakes
  8 komodo dragons
  2 trolls (D:7)
  2 hornets (D:8)
  12 blink frogs
  7 dream sheep (Lair:4)
  Sigmund (D:2)
  3 wyverns
  34 yaks
  3 basilisks
  A steam dragon (D:8)
  Menkaure (D:7)
  3 wargs (D:8)
  A swamp worm (Lair:3)
  4 nagas (Lair:2)
  17 water moccasins
  2 ice beasts
  A sky beast (D:7)
  5 black bears
  2 orc warriors (D:8)
  18 wolves
  4 centaurs
  2 phantoms
  A lemure (D:4)
  9 bullfrogs
  5 scorpions
  7 wights
  19 killer bees
  6 howler monkeys
  A jelly (D:7)
  3 hounds
  4 orc priests (D:8)
  Ijyb (D:4)
  2 sleepcaps
  2 iguanas (D:6)
  7 orc wizards
  9 gnolls
  7 adders
  4 shadow imps
  2 white imps
  2 ufetubi (D:5)
  4 worms
  3 dart slugs
  22 orcs
  6 ball pythons
  5 endoplasms
  4 giant cockroaches
  5 goblins
  8 hobgoblins
  4 jackals (D:1)
  A quokka (D:1)
  7 bats
  A frilled lizard (D:3)
  5 kobolds
  10 rats
351 creatures vanquished.

Notes
Turn   | Place    | Note
-------+----------+-------------------------------------------
     0 | D:1      | TrayleKats the Minotaur Hunter began the quest for the Orb.
     0 | D:1      | Reached XP level 1. HP: 18/18 MP: 0/0
   146 | D:1      | Reached XP level 2. HP: 25/25 MP: 1/1
   198 | D:1      | Reached skill level 5 in Ranged Weapons
   628 | D:2      | Noticed Sigmund
   678 | D:2      | Reached XP level 3. HP: 31/31 MP: 2/2
   742 | D:2      | Killed Sigmund
   743 | D:2      | Reached skill level 6 in Ranged Weapons
   743 | D:2      | Reached XP level 4. HP: 33/41 MP: 3/3
   743 | D:2      | Reached XP level 5. HP: 38/47 MP: 4/4
  1578 | D:3      | Upgraded the game from 0.31-a0-188-g5e087ee2ca to
                  | 0.31-a0-202-g547052bce9
  1659 | D:3      | Found a faded altar of an unknown god.
  1986 | D:4      | Reached skill level 7 in Ranged Weapons
  1986 | D:4      | Reached XP level 6. HP: 55/55 MP: 5/5
  2028 | D:4      | Reached skill level 5 in Fighting
  2993 | D:4      | Found a staircase to the Ecumenical Temple.
  3002 | Temple   | Entered the Ecumenical Temple
  3101 | Temple   | Became a worshipper of Cheibriados the Contemplative
  3225 | D:4      | Reached skill level 8 in Ranged Weapons
  3229 | D:4      | Reached XP level 7. HP: 61/61 MP: 6/6
  3268 | D:4      | Noticed Ijyb
  3276 | D:4      | Killed Ijyb
  3747 | D:4      | Noticed Pikel
  3764 | D:4      | Killed Pikel
  3765 | D:4      | Reached skill level 9 in Ranged Weapons
  4042 | D:4      | Reached XP level 8. HP: 57/71 MP: 7/7
  4162 | D:5      | Entered Level 5 of the Dungeon
  4172 | D:5      | Reached * piety under Cheibriados
  4594 | D:5      | Reached skill level 10 in Ranged Weapons
  5003 | D:5      | Found a sacrificial altar of Ru.
  5401 | D:5      | Gained mutation: You are robust. (+10% HP) [potion of
                  | mutation]
  5401 | D:5      | Gained mutation: Your flesh is heat resistant. (rF+)
                  | [potion of mutation]
  5401 | D:5      | Gained mutation: You occasionally lose the ability to read
                  | scrolls when taking damage. [potion of mutation]
  5843 | D:6      | Reached skill level 11 in Ranged Weapons
  5989 | D:6      | Reached ** piety under Cheibriados
  6270 | D:6      | Reached XP level 9. HP: 90/90 MP: 8/8
  6519 | D:7      | Noticed a troll
  6529 | D:7      | Killed a troll
  6530 | D:7      | Reached skill level 12 in Ranged Weapons
  7079 | D:7      | Found Urorav's Armour Shop.
  7087 | D:7      | Bought a +1 cloak of stealth for 247 gold pieces
  7399 | D:7      | Found a large runed translucent door.
  7399 | D:7      | Found a large runed translucent door.
  7401 | D:7      | Noticed Hubris850's ghost (novice DrIE)
  7579 | D:7      | Noticed Menkaure
  7581 | D:7      | Killed Menkaure
  7581 | D:7      | Reached *** piety under Cheibriados
  7582 | D:7      | Reached skill level 10 in Fighting
  7582 | D:7      | Reached skill level 13 in Ranged Weapons
  7789 | D:7      | Found a runed translucent door.
  7790 | D:7      | Noticed Crazy Yiuf
  7937 | D:7      | Noticed a troll
  7940 | D:7      | Killed a troll
  8403 | D:8      | Reached XP level 10. HP: 92/103 MP: 9/9
  8909 | D:8      | Found a staircase to the Lair.
  9040 | D:8      | Noticed a cyclops
  9048 | D:8      | Killed a cyclops
  9049 | D:8      | Reached skill level 14 in Ranged Weapons
  9569 | D:8      | Reached **** piety under Cheibriados
  9915 | D:8      | Identified the +1 arbalest of the Disturbing Songs {freeze,
                  | rElec}
 10668 | D:8      | Reached skill level 15 in Ranged Weapons
 11165 | Lair:1   | Entered Level 1 of the Lair of Beasts
 11474 | Lair:1   | Reached ***** piety under Cheibriados
 11497 | Lair:1   | Reached XP level 11. HP: 114/114 MP: 10/10
 11915 | Lair:1   | Reached skill level 16 in Ranged Weapons
 12495 | Lair:1   | Reached skill level 1 in Armour
 12495 | Lair:1   | Reached skill level 1 in Invocations
 12835 | Lair:2   | Noticed Gastronok
 12845 | Lair:2   | Killed Gastronok
 13003 | Lair:2   | Noticed a skyshark
 13011 | Lair:2   | Killed a skyshark
 13012 | Lair:2   | Reached skill level 17 in Ranged Weapons
 13012 | Lair:2   | Reached XP level 12. HP: 117/126 MP: 13/13
 13079 | Lair:2   | Learned a level 1 spell: Apportation
 13104 | Lair:2   | Got Spellweaving Continued
 13115 | Lair:2   | Learned a level 2 spell: Blink
 13216 | Lair:2   | Noticed an eight-headed hydra
 13223 | Lair:2   | Killed an eight-headed hydra
 13252 | Lair:2   | Noticed Erica
 13259 | Lair:2   | Killed Erica
 13260 | Lair:2   | Reached skill level 5 in Armour
 13269 | Lair:2   | Found a staircase to the Snake Pit.
 13290 | Lair:2   | Noticed Fannar
 13293 | Lair:2   | Noticed Sonja
 13302 | Lair:2   | Killed Sonja
 13325 | Lair:2   | Killed Fannar
 13762 | Lair:2   | Reached skill level 5 in Invocations
 13774 | Lair:3   | Reached ****** piety under Cheibriados
 13905 | Lair:3   | Found a staircase to the Swamp.
 13928 | Lair:3   | Reached skill level 5 in Dodging
 14216 | Lair:3   | Reached XP level 13. HP: 136/136 MP: 16/16
 15447 | Lair:4   | Found a runed translucent door.
 15448 | Lair:4   | Noticed snackwell's ghost (journeyman MeEE)
 15871 | Lair:4   | Found a runed translucent door.
 15947 | Lair:4   | Identified the +9 great mace "Murmur" {holy, Will+ Int+2}
 16446 | Lair:4   | Slain by snackwell's ghost

Illustrated notes

Levels and vault maps discovered:
D:1:      minmay_arrival_nine_rooms, layout_loops_cross,
          chequers_hall_statues_wall_a
D:2:      layout_loops_ring, uniq_sigmund
D:3:      layout_loops_ring, shapermc_ecumenical_altar_pompeii
D:4:      layout_rooms, minmay_temple_entry_slanted, st_stairs_4, uniq_pikel,
          uniq_ijyb
D:5:      layout_rooms, mainiacjoe_overflow_alcove_4, kennysheep_cross_room
D:6:      layout_loops_cross
D:7:      layout_cave_pools, ebering_ghost_disaster_area, serial_shops,
          nicolae_shop_pleasant_corner_grove, serial_co_window_serial,
          co_window_of_opportunity_a, co_window_paths_a, co_window_corner_a,
          co_window_paths_a, co_window_paths_b, co_window_corner_ca,
          co_window_2corner, co_window_2corner, co_window_2corner,
          co_window_sun, glass_columns_c, glass_columns_c, glass_columns_b,
          uniq_menkaure, uniq_crazy_yiuf_cottage
D:8:      minmay_polygon_palace, layout_layer_cave, erik_lair_orcish_takeover
Temple:   lightli_temple_of_artemis
Lair:1:   layout_regular_city
Lair:2:   layout_chaotic_city, minmay_snake_entry_guardpost_medium,
          minivault_23, infiniplex_staircase_pool_2, grunt_megastairs_1,
          serial_bayou_shore_a, uniq_fannar, uniq_sonja, uniq_gastronok,
          uniq_erica
Lair:3:   layout_roguey, minmay_swamp_entry_worms,
          nicolae_lair_run_with_the_wolves
Lair:4:   layout_concentric_octagons, gammafunk_ghost_grave, pf_torpor_hydra,
          grunt_megastairs_3

Skill      XL: |  1  2  3  4  5  6  7  8  9 10 11 12 13 |
---------------+----------------------------------------+-----
Fighting       | 3 4 5 6 8 10 12 13 14 | 14.7
Ranged Weapons | 5 6 7 8 9 11 13 15 17 | 17.8
Armour         | 3 7 9 |  9.5
Invocations    | 3 6 7 |  7.9
Dodging        | 3 5 6 |  6.6
Stealth        | |  0.7

Action                     |  1- 3 |  4- 6 |  7- 9 | 10-12 | 13-15 || total
---------------------------+-------+-------+-------+-------+-------++-------
   Fire: Shortbow          |    65 |   189 |   112 |       |       ||   366
         Orcbow            |       |       |   135 |   602 |   200 ||   937
 Invoke: Bend Time         |       |       |       |       |     1 ||     1
    Use: Scroll            |       |     5 |    11 |     7 |       ||    23
         Potion            |       |     1 |     3 |       |       ||     4
 Armour: Leather armour    |     3 |    16 |    20 |       |       ||    39
         Skin              |       |       |     6 |       |       ||     6
         Troll leather arm |       |       |     1 |    40 |    22 ||    63
         Plate armour      |       |       |       |       |     6 ||     6
  Dodge: Dodged            |    15 |    43 |    69 |   101 |    72 ||   300
  Block: Other             |       |       |     3 |    37 |    26 ||    66
         Reflection        |       |       |       |     3 |       ||     3

Table legend: (Time is in decaauts)
 A = Elapsed time spent in this place.
 B = Non-inter-level travel time spent in this place.
 C = Inter-level travel time spent in this place.
 D = Time resting spent in this place.
 E = Time spent auto-exploring this place.
 F = Levels seen in this place.
 G = Mean time per level.
                   A        B        C        D        E       F      G
               +--------+--------+--------+--------+--------+-----+--------+
         Total |  20771 |  20164 |    607 |   6466 |  11706 |  13 | 1597.8 |
       Dungeon |  12902 |  12486 |    416 |   4912 |   6430 |   8 | 1612.8 |
        Temple |    113 |    101 |     12 |      0 |     84 |   1 |  113.0 |
          Lair |   7754 |   7576 |    178 |   1554 |   5192 |   4 | 1938.5 |
               +--------+--------+--------+--------+--------+-----+--------+

Top non-repeatable levels by time:
     D:8: 3836 daAuts
     D:4: 2208 daAuts
  Lair:4: 2189 daAuts
     D:7: 2071 daAuts
  Lair:1: 2038 daAuts
  Lair:3: 1911 daAuts
     D:5: 1857 daAuts
  Lair:2: 1614 daAuts
     D:6: 940 daAuts
     D:1: 724 daAuts
     D:3: 634 daAuts
     D:2: 630 daAuts
  Temple: 113 daAuts
